 Dungeon Crawl Stone Soup version 0.27.1-33-g824d729ab1 (webtiles) character file.

Game seed: 12508839093370313284

1416 zeram the Thaumaturge (level 8, -1/34 (41) HPs)
             Began as a Deep Elf Ice Elementalist on Dec 7, 2021.
             Was an Initiate of Gozag.
             Slain by a wight (7 damage)
             ... on level 5 of the Dungeon.
             The game lasted 00:16:10 (8291 turns).

zeram the Thaumaturge (Deep Elf Ice Elementalist)   Turns: 8291, Time: 00:16:11

HP:   -1/34 (41)    AC: 17    Str:  5    XL:     8   Next: 43%
MP:   22/24         EV: 12    Int: 23    God:    Gozag
Gold: 158           SH:  0    Dex: 15    Spells: 17/28 levels left

rFire    . . .     SeeInvis .   o - +3 short sword (holy)
rCold    . . .     Faith    .   (no shield)
rNeg     . . .     Spirit   .   a - +0 robe
rPois    +         Reflect  .   (no helmet)
rElec    .         Harm     .   i - +0 cloak {rPois}
rCorr    .         Rampage  .   (no gloves)
Will     .....                  c - +0 pair of boots
Stlth    ++........             (no amulet)
HPRegen  0.11/turn              d - +4 ring of protection
MPRegen  0.19/turn              (no ring)

@: ice-armoured, gold aura, heavily drained
A: no striking features
a: Renounce Religion, Potion Petition, Call Merchant, Bribe Branch


You were on level 5 of the Dungeon.
You worshipped Gozag.
Gozag was aware of your devotion.
You visited 1 branch of the dungeon, and saw 6 of its levels.
You also visited: Sewer.

You collected 264 gold pieces.
You spent 35 gold pieces at shops.
You paid 71 gold pieces to Gozag.

Inventory:

Hand Weapons
 b - a +3 dagger of venom
 o - a +3 short sword of holy wrath (weapon)
Armour
 a - a +0 robe (worn)
 c - a +0 pair of boots (worn)
 i - a +0 cloak of poison resistance (worn)
Jewellery
 d - a +4 ring of protection (left hand)
Scrolls
 f - 2 scrolls of silence
 j - 2 scrolls of fog
 l - 3 scrolls of amnesia
 n - a scroll of magic mapping
 p - a scroll of brand weapon
 r - a scroll of immolation
Potions
 e - 5 potions of flight
 g - 2 potions of curing
 h - a potion of magic
 k - 2 potions of attraction
 m - a potion of degeneration


   Skills:
 - Level 2.4 Dodging
 - Level 2.4 Stealth
 + Level 10.5 Spellcasting
 + Level 8.7 Ice Magic
 + Level 0.3 Evocations


You had 17 spell levels left.
You knew the following spells:

 Your Spells              Type           Power      Damage    Failure   Level
a - Freeze                Ice            100%       1d11      1%          1
b - Frozen Ramparts       Ice            100%       1d12      1%          3
c - Ozocubu's Armour      Ice            51%        N/A       1%          3
d - Hailstorm             Conj/Ice       32%        3d8       9%          4

Your spell library contained the following spells:

 Spells                   Type           Power      Damage    Failure   Level


Dungeon Overview and Level Annotations

Branches:
Dungeon (6/15)              Sewer (visited)
 Temple: D:4-7

Altars:
Gozag
Ru
The Shining One

Shops:
D:5 **?*


Message History

The wight hits you with a +0 long sword.
You feel drained. The wight hits you with a +4 trident.
You climb upwards.
There is a stone staircase leading down here.
The wight closely misses you.
The wight hits you from afar with a +4 trident.
Casting: Ozocubu's Armour (safe; 1% risk of failure)
Confirm with . or Enter, or press ? or * to list all spells.
A film of ice covers your body! The wight closely misses you.
The wight barely misses you.
You feel better. The wight closely misses you.
The wight hits you from afar with a +4 trident.
Okay, then.
You barely miss the wight.
The wight hits you with a +0 long sword.
You feel drained. The wight hits you but does no damage.
Unknown command.
You hit the wight.
The wight convulses.
The wight is moderately damaged.
The wight misses you. The wight barely misses you.
You hit the wight.
The wight convulses.
The wight is severely damaged.
The wight barely misses you. x2
You hit the wight but do no damage.
The wight is severely damaged.
The wight hits you but does no damage.
The wight hits you from afar with a +4 trident.
* * * LOW HITPOINT WARNING * * *
You barely miss the wight.
The wight is severely damaged.
The wight hits you but does no damage. The wight barely misses you.
You barely miss the wight.
The wight is severely damaged.
The wight hits you but does no damage. The wight closely misses you.
The wight misses you.
You hit the wight.
You destroy the wight!
The wight hits you from afar with a +4 trident!
You die...
Your body crumbles into a pile of gold.

.....#
#......#.#.####.#.#.#
.....#
##.....#.#.#∩.#.#.#.#
######
#.....#.#.##.#.#.#.#
####
#.....#.#....#.#.#.#
...#
#.....#.######.#.#.#
...#
##....#........#.#.#
...#
#....##########.#.#
...#
#...............†..
...#
##@#'########......
...# #$#.# #..###.
...#
###########z#.####
###.... ####
#.........#......#
#≈#####
#.........##.....#
#.##..)
#............>...#
#≈##.##
######...####....#
#≈##.# ###.# #....#
#≈##.## ######## #.#
##########≈##...


You could see a wight.

Vanquished Creatures
  2 black bears
  A hornet zombie (D:4)
  An ogre (D:5)
  2 phantoms (D:5)
  Blork the orc (D:5)
  A kobold brigand (Sewer)
  A scorpion (D:5)
  A bullfrog (D:6)
  A water moccasin skeleton (D:5)
  A wight (D:5)
  3 hounds (D:5)
  2 orc priests (D:5)
  Crazy Yiuf (D:2)
  A gnoll shaman (D:4)
  An iguana (D:2)
  2 orc wizards (D:5)
  A scorpion zombie (D:5)
  A howler monkey zombie (D:4)
  8 gnolls
  6 adders
  A river rat (Sewer)
  2 shadow imps
  An adder skeleton (D:4)
  4 worms
  4 dart slugs
  9 orcs
  5 ball pythons
  5 endoplasms
  5 giant cockroaches
  10 goblins
  11 hobgoblins
  5 jackals
  12 kobolds
  4 quokkas
  9 bats
  2 frilled lizards (D:1)
  9 rats
136 creatures vanquished.

Notes
Turn   | Place    | Note
-------+----------+-------------------------------------------
     0 | D:1      | zeram the Deep Elf Ice Elementalist began the quest for the
                  | Orb.
     0 | D:1      | Reached XP level 1. HP: 10/10 MP: 6/6
   355 | D:1      | Reached skill level 4 in Spellcasting
   355 | D:1      | Reached XP level 2. HP: 15/15 MP: 9/9
   374 | D:1      | Found a faded altar of an unknown god.
  1007 | D:1      | Reached XP level 3. HP: 3/19 MP: 8/11
  1294 | D:1      | Reached skill level 5 in Spellcasting
  1588 | D:1      | Learned a level 3 spell: Frozen Ramparts
  1592 | D:1      | Learned a level 3 spell: Ozocubu's Armour
  1753 | D:2      | Reached XP level 4. HP: 11/24 MP: 9/13
  2084 | D:2      | Reached skill level 5 in Ice Magic
  2644 | D:2      | Found a runed translucent door.
  2645 | D:2      | Noticed Crazy Yiuf
  2651 | D:2      | Killed Crazy Yiuf
  3117 | D:3      | Learned a level 4 spell: Hailstorm
  3424 | D:3      | Reached skill level 6 in Spellcasting
  3424 | D:3      | Reached XP level 5. HP: 28/28 MP: 11/15
  4273 | D:4      | Reached skill level 7 in Spellcasting
  4716 | D:4      | Noticed a black bear
  4720 | D:4      | Killed a black bear
  4721 | D:4      | Reached XP level 6. HP: 31/32 MP: 10/18
  5233 | D:4      | Reached skill level 8 in Spellcasting
  5684 | D:4      | Found a glowing golden altar of the Shining One.
  5808 | D:5      | Entered Level 5 of the Dungeon
  5889 | D:5      | Found Elegg's Assorted Antiques.
  5895 | D:5      | Noticed Blork the orc
  6102 | D:5      | Killed Blork the orc
  6103 | D:5      | Reached XP level 7. HP: 17/36 MP: 14/20
  6346 | D:5      | Reached skill level 9 in Spellcasting
  6487 | D:5      | Found a glowing drain.
  6500 | Sewer    | Entered a sewer
  6641 | Sewer    | Found a glowing silver altar of Zin.
  7110 | D:5      | Reached XP level 8. HP: 30/41 MP: 17/23
  7325 | D:5      | Found Wostail's Magic Scroll Emporium.
  7379 | D:5      | Reached skill level 10 in Spellcasting
  7567 | D:5      | Found Causimirho's General Store.
  7580 | D:5      | Found a sacrificial altar of Ru.
  7616 | D:5      | Found Veja's General Store.
  7623 | D:5      | Bought a scroll of magic mapping for 35 gold pieces
  7636 | D:5      | Found an opulent altar of Gozag.
  7682 | D:5      | Became a worshipper of Gozag Ym Sagoz the Greedy
  8291 | D:5      | Slain by a wight

Illustrated notes

Levels and vault maps discovered:
D:1:      minmay_arrival_split_and_join, layout_basic, basic_ecumenical_altar
D:2:      layout_basic, glass_columns_c, uniq_crazy_yiuf_cottage
D:3:      corexii_shack_village, layout_basic
D:4:      layout_basic, tso_oasis_becter
D:5:      layout_basic, nicolae_ru_path_of_blood, nicolae_gozag_seed_capital,
          portal_sewer_entry_d, serial_shops, shop, shop, shop,
          nicolae_inconvenience_store, uniq_blork_the_orc
D:6:      layout_cave_pools

Skill      XL: |  1  2  3  4  5  6  7  8 |
---------------+-------------------------+-----
Spellcasting   | 4 5 6 7 8 9 10 | 10.5
Ice Magic      | 5 6 8 |  8.7
Dodging        | |  2.4
Stealth        | |  2.4
Evocations     | |  0.3

Action                   |  1- 3 |  4- 6 |  7- 9 || total
-------------------------+-------+-------+-------++-------
Melee: Dagger            |    57 |   121 |    29 ||   207
       Unarmed           |     1 |       |       ||     1
       Short sword       |       |       |    73 ||    73
 Cast: Freeze            |    18 |    38 |     1 ||    57
       Ozocubu's Armour  |       |     7 |    11 ||    18
       Frozen Ramparts   |       |     8 |    12 ||    20
Evoke: Wand              |       |     2 |       ||     2
  Use: Potion            |     1 |     3 |     3 ||     7
       Scroll            |       |    14 |     4 ||    18
 Stab: Sleeping          |     6 |     6 |     4 ||    16
Armor: Robe              |    30 |    45 |    44 ||   119
       Skin              |       |    25 |       ||    25
Dodge: Dodged            |    38 |    72 |    85 ||   195
